 Dungeon Crawl Stone Soup version 0.28.0-53-g5a82cb258f (webtiles) character file.

Game seed: 3975412884080587551

4963 Peloso the Carver (level 10, -9/90 HPs)
             Began as a Minotaur Fighter on June 30, 2022.
             Was a Priest of Okawaru.
             Mangled by Erica
             ... wielding a +3 scimitar of flaming
              (15 damage)
             ... on level 9 of the Dungeon.
             The game lasted 00:16:59 (8835 turns).

Peloso the Carver (Minotaur Fighter)                Turns: 8835, Time: 00:17:00

Health: -9/90      AC: 21    Str: 30    XL:     10   Next: 28%
Magic:  17/18      EV: 12    Int:  5    God:    Okawaru [***...]
Gold:   242        SH:  7    Dex: 12    Spells: 9/9 levels left

rFire   . . .      SeeInvis .   a - +0 long sword
rCold   + . .      Faith    .   c - +0 buckler
rNeg    . . .      Spirit   .   m - +1 chain mail {rC+}
rPois   +          Reflect  .   (helmet restricted)
rElec   .          Harm     .   C - +2 cloak
rCorr   .          Rampage  .   L - +0 pair of gloves
Will    +....                   f - +0 pair of boots
Stlth   ..........              (no amulet)
HPRegen 0.25/turn               i - ring of poison resistance
MPRegen 0.16/turn               F - ring "Kockec" {Will+ MP+9 Str+7}

@: mighty, heroic
A: horns 2, retaliatory headbutt, talons 1
a: Renounce Religion, Heroism


You were on level 9 of the Dungeon.
You worshipped Okawaru.
Okawaru was most pleased with you.
You visited 2 branches of the dungeon, and saw 10 of its levels.

You collected 242 gold pieces.

Inventory:

Hand Weapons
 a - a +0 long sword (weapon)
 b - a +1 spear of flaming
Missiles
 K - a throwing net (quivered)
Armour
 c - a +0 buckler (worn)
 f - a +0 pair of boots (worn)
 m - a +1 chain mail of cold resistance (worn)
 y - a +0 plate armour
 C - a +2 cloak (worn)
 L - a +0 pair of gloves (worn)
Jewellery
 i - a ring of poison resistance (left hand)
 x - a ring of wizardry
 z - an amulet of regeneration
 D - an amulet of the acrobat
 F - the ring "Kockec" (right hand) {Will+ MP+9 Str+7}
   (You found it on level 6 of the Dungeon)

   [ring of magical power]

   Str:       It affects your strength (+7).
   MP:        It affects your magic capacity (+9).
   Will:      It increases your willpower.
 G - a ring of fire
Wands
 k - a wand of flame (73)
 t - a wand of iceblast (14)
 I - a wand of paralysis (11)
 N - a wand of acid (12)
Scrolls
 e - a scroll of fear
 j - 2 scrolls of enchant weapon
 n - 2 scrolls of torment {unknown}
 p - a scroll of teleportation {unknown}
 q - a scroll of magic mapping
 r - a scroll of fog
 v - 2 scrolls of amnesia
 w - a scroll of vulnerability {unknown}
 J - a scroll of enchant armour {unknown}
 M - a scroll of immolation {unknown}
 O - a scroll of noise {unknown}
Potions
 d - a potion of might
 g - 3 potions of mutation
 h - a potion of haste
 l - a potion of cancellation
 o - a potion of invisibility
 u - a potion of resistance {unknown}
 A - 2 potions of curing {unknown}
 B - a potion of degeneration {unknown}
 E - a potion of attraction {unknown}
 H - a potion of ambrosia {unknown}


   Skills:
 + Level 8.4(13.4) Fighting
 + Level 11.9(16.9) Long Blades
 + Level 1.4(6.4) Polearms
 + Level 9.8(14.8) Armour
 + Level 3.2(8.2) Dodging
 + Level 1.1(6.1) Stealth
 + Level 6.7(11.7) Shields
 + Level 0.5 Invocations


You had 9 spell levels left.
You didn't know any spells.
Your spell library contained the following spells:

 Spells                   Type           Power      Damage    Failure   Level
 Gell's Gravitas          Tloc           0%         N/A       99%         3
 Teleport Other           Tloc           0%         N/A       99%         3
 Dispersal                Tloc           0%         N/A       100%        6


Dungeon Overview and Level Annotations

Branches:
Dungeon (9/15)             Temple (1/1) D:6
   Lair: D:8-11         Orc: D:9-12

Altars:
Ashenzari
Cheibriados
Dithmenos
Elyvilon
Fedhas
Gozag
Hepliaklqana
Kikubaaqudgha
Makhleb
Nemelex Xobeh
Okawaru
Qazlal
Ru
Sif Muna
Trog
Uskayaw
Vehumet
Wu Jian
Xom
Yredelemnul
Zin
The Shining One

Annotations:
D:8 3 runed translucent doors, Sobaton's ghost, novice MiFi
D:9 Erica


Innate Abilities, Weirdness & Mutations

You have a pair of horns on your head.
You reflexively headbutt those who attack you in melee.
You have sharp toenails.


Message History

You hit something. Something hits you but does no damage.
You hit something but do no damage. You headbutt something! Something hits you.
Something burns you.
You slice something!!
The orc priest mumbles some strange prayers to Beogh against you.
You barely miss something. Something hits you.
* * * LOW HITPOINT WARNING * * *
Something burns you.
* * * LOW HITPOINT WARNING * * *
You barely miss something. Something hits you.
* * * LOW HITPOINT WARNING * * *
Something burns you.
* * * LOW HITPOINT WARNING * * *
You barely miss something.
The orc priest invokes the aid of Beogh against you.
Beogh smites you!
* * * LOW HITPOINT WARNING * * *
Something hits you.
* * * LOW HITPOINT WARNING * * *
Something burns you.
* * * LOW HITPOINT WARNING * * *
You feel much better.
The orc priest calls down the wrath of Beogh upon you.
Beogh smites you!
* * * LOW HITPOINT WARNING * * *
You hear some strange, mumbled words.
A bolt of poison appears from out of thin air!
The bolt of poison hits you. You resist.
* * * LOW HITPOINT WARNING * * *
You barely miss something.
The orc priest mumbles some strange prayers to Beogh against you.
You miss something.
You hear some strange, mumbled words.
A lance of force appears from out of thin air!
The lance of force misses you.
The orc priest calls down the wrath of Beogh upon you.
Okay, then.
Okay, then.
You miss something. Something hits you!
You die...

.####..#.#
.......#.#####
#..<.....#
#...####.##
#.........#
##.#.......####...
#.......#.......#
##.####.#..######
#.# #.#.†o{@.# #.#
#.#.####.# #.#
#.#.# #.# #.#
#.#.# #.# #.#
#.#.# #.# #.#
#.#.# #.# #.#
#.#.####.#
#......# ########


You could see an orc priest.

Vanquished Creatures
  A hydra (D:7)
  Grinder (D:4)
  5 yaks (D:8)
  2 wyverns (D:8)
  A steam dragon (D:8)
  2 acid dragons
  3 water moccasins
  3 ice beasts
  An orc warrior (D:9)
  A sky beast (D:4)
  2 black bears
  A necrophage (D:4)
  A phantom (D:6)
  Blork the orc (D:5)
  2 kobold brigands
  3 bullfrogs
  A gnoll sergeant (D:7)
  2 scorpions (D:6)
  4 killer bees (D:8)
  A howler monkey (D:5)
  A bullfrog zombie (D:5)
  A centaur zombie (D:4)
  3 hounds
  2 orc priests
  2 jellies (D:6)
  A gnoll shaman (D:6)
  Crazy Yiuf (D:4)
  A centaur skeleton (D:7)
  3 iguanas
  5 orc wizards
  A hound zombie (D:5)
  6 adders
  14 gnolls
  A howler monkey skeleton (D:7)
  A shadow imp (D:5)
  2 ufetubi (D:5)
  2 worms (D:3)
  37 orcs
  7 ball pythons
  10 endoplasms
  7 giant cockroaches
  12 goblins
  9 hobgoblins
  23 kobolds
  6 quokkas
  A bat (D:1)
  2 frilled lizards (D:2)
  4 rats
203 creatures vanquished.

Vanquished Creatures (others)
  A fungus (D:9)
  5 plants (D:9)
6 creatures vanquished.

Grand Total: 209 creatures vanquished

Notes
Turn   | Place    | Note
-------+----------+-------------------------------------------
     0 | D:1      | Peloso the Minotaur Fighter began the quest for the Orb.
     0 | D:1      | Reached XP level 1. HP: 19/19 MP: 0/0
   272 | D:1      | Reached XP level 2. HP: 27/27 MP: 1/1
   469 | D:1      | Found a faded altar of an unknown god.
   987 | D:1      | Gained mutation: You have sharp toenails. [potion of
                  | mutation]
  1299 | D:2      | Reached XP level 3. HP: 32/33 MP: 2/2
  1969 | D:3      | Reached XP level 4. HP: 37/41 MP: 3/3
  2051 | D:3      | Reached skill level 3 in Long Blades
  2269 | D:3      | Found a bloodstained altar of Trog.
  2553 | D:4      | Reached XP level 5. HP: 47/47 MP: 4/4
  2640 | D:4      | Noticed a sky beast
  2675 | D:4      | Killed a sky beast
  2676 | D:4      | Reached skill level 4 in Long Blades
  2676 | D:4      | Reached skill level 1 in Dodging
  2881 | D:4      | Reached XP level 6. HP: 53/55 MP: 5/5
  2952 | D:4      | Reached skill level 5 in Fighting
  2952 | D:4      | Reached skill level 5 in Armour
  2955 | D:4      | Noticed Grinder
  2961 | D:4      | Killed Grinder
  2962 | D:4      | Reached skill level 5 in Long Blades
  2962 | D:4      | Reached skill level 5 in Shields
  2964 | D:4      | Reached skill level 6 in Long Blades
  2964 | D:4      | Reached XP level 7. HP: 22/61 MP: 6/6
  3429 | D:4      | You fall into a shaft and drop 1 floor!
  3429 | D:5      | Entered Level 5 of the Dungeon
  3512 | D:5      | Noticed Blork the orc
  3534 | D:5      | Killed Blork the orc
  3639 | D:5      | Reached skill level 7 in Long Blades
  4366 | D:5      | Reached XP level 8. HP: 66/70 MP: 7/7
  4499 | D:4      | Found a runed translucent door.
  4500 | D:4      | Noticed Crazy Yiuf
  4511 | D:4      | Killed Crazy Yiuf
  4520 | D:4      | Identified the +1 mace of the Neverending Stars {freeze,
                  | +Blink rC++ rCorr Int-4}
  4782 | D:6      | Found a staircase to the Ecumenical Temple.
  4832 | D:6      | Reached skill level 8 in Long Blades
  4909 | Temple   | Entered the Ecumenical Temple
  5152 | Temple   | Became a worshipper of Warmaster Okawaru
  5283 | D:6      | Reached skill level 1 in Stealth
  5500 | D:6      | Identified the ring "Kockec" {Will+ MP+9 Str+7}
  5647 | D:6      | Reached skill level 9 in Long Blades
  5810 | D:6      | Reached XP level 9. HP: 79/79 MP: 8/8
  6244 | D:7      | Reached * piety under Okawaru
  6509 | D:7      | Reached skill level 10 in Long Blades
  6559 | D:7      | Noticed a seven-headed hydra
  6570 | D:7      | Killed a seven-headed hydra
  6570 | D:7      | Reached ** piety under Okawaru
  6571 | D:7      | Reached skill level 1 in Polearms
  7040 | D:8      | Reached skill level 11 in Long Blades
  7041 | D:8      | HP: 4/81 [acid dragon (11)]
  8010 | D:8      | Reached XP level 10. HP: 53/88 MP: 9/9
  8030 | D:8      | Reached *** piety under Okawaru
  8283 | D:8      | Found a runed translucent gate.
  8284 | D:8      | Found a runed translucent gate.
  8284 | D:8      | Found a runed translucent gate.
  8285 | D:8      | Found an opulent altar of Gozag.
  8286 | D:8      | Noticed Sobaton's ghost (novice MiFi)
  8286 | D:8      | Noticed a two-headed ogre
  8807 | D:9      | Noticed Erica
  8831 | D:9      | HP: 4/90 [orc priest/divine providence (12)]
  8835 | D:9      | Mangled by Erica

Illustrated notes

Levels and vault maps discovered:
D:1:      kennysheep_arrival_seaside, layout_loops_ring,
          hellmonk_ecumenical_altar_inner_sanctum, minmay_misc_feat_nine_boxes,
          nicolae_concentric_dashed_squares_wild
D:2:      layout_rooms
D:3:      minmay_chambers_of_twos, layout_rooms, old_standard_altar
D:4:      layout_loops_ring, grunt_ministairs_1, uniq_grinder,
          uniq_crazy_yiuf_cottage
D:5:      layout_rooms, nicolae_concentric_dashed_squares_mild, minivault_19,
          uniq_blork_the_orc
D:6:      layout_cave_pools, temple_fountains, nicolae_sextant,
          kennysheep_another_room
D:7:      layout_rooms, minmay_misc_feat_tower
D:8:      corexii_shantytown, layout_basic, ebering_ghost_gozag, serial_rivers,
          chequers_serial_rivers_micro_e, chequers_serial_rivers_micro_a,
          chequers_serial_rivers_micro_b, chequers_serial_rivers_micro_e,
          chequers_serial_rivers_micro_e, chequers_serial_rivers_marsh,
          minmay_misc_feat_rows
D:9:      cheibrodos_barr_body, layout_basic, minmay_lair_entry_grove,
          uniq_erica
Temple:   mainiacjoe_temple_starburst

Skill      XL: |  1  2  3  4  5  6  7  8  9 |
---------------+----------------------------+-----
Fighting       | 4 5 6 7 8 |  8.4
Armour         | 4 5 6 8 9 |  9.8
Shields        | 4 5 6 |  6.7
Long Blades    | 3 4 6 7 9 11 | 11.9
Dodging        | 1 2 3 |  3.2
Stealth        | 1 |  1.1
Polearms       | 1 |  1.4
Invocations    | |  0.5

Action                   |  1- 3 |  4- 6 |  7- 9 | 10-12 || total
-------------------------+-------+-------+-------+-------++-------
Melee: Long sword        |    85 |    76 |   343 |    69 ||   573
       Headbutt          |    13 |    13 |    68 |    15 ||   109
       Kick              |     4 |       |       |       ||     4
       Spear             |       |       |     8 |       ||     8
Invok: Heroism           |       |       |     4 |     3 ||     7
  Use: Scroll            |     3 |       |     6 |       ||     9
       Potion            |     2 |       |       |     4 ||     6
Armor: Scale mail        |    34 |       |       |       ||    34
       Chain mail        |       |    64 |   167 |    30 ||   261
       Plate armour      |       |       |    66 |       ||    66
Dodge: Dodged            |    40 |    37 |   152 |    22 ||   251
Block: Buckler           |    15 |    24 |    72 |    11 ||   122
